 Dungeon Crawl Stone Soup version 0.23-a0-301-g9da9e51 (webtiles) character file.

6829 Amnesiac the Geomancer (level 10, -1/81 HPs)
             Began as a Troll Earth Elementalist on Oct 7, 2018.
             Was a High Priest of Vehumet.
             Slain by an ice beast (6 damage)
             ... in an ice cave.
             The game lasted 00:25:48 (8758 turns).

Amnesiac the Geomancer (Troll Earth Elementalist)   Turns: 8758, Time: 00:25:49

Health: -1/81      AC:  7    Str: 21      XL:     10   Next: 77%
Magic:  18/20      EV: 10    Int: 15 (16) God:    Vehumet [*****.]
Gold:   469        SH:  0    Dex: 10      Spells: 5/23 levels left

rFire    . . .     SeeInvis .   G - +5 short sword of the Extremely Mad {distort, +Fly rN+ Str+3 Int+2}
rCold    + . .     Gourm    +   (no shield)
rNeg     + . .     Faith    +   c - +0 robe
rPois    .         Spirit   .   (helmet restricted)
rElec    .         Reflect  .   (no cloak)
rCorr    .         Harm     .   (gloves unavailable)
MR       .....                  (boots unavailable)
Stlth    ++........             v - amulet of faith
HPRegen  0.63/turn              x - ring of stealth
MPRegen  0.17/turn              m - ring of protection from cold

@: confused, hasted, very quick
A: large, unfitting armour, antennae 1, claws 3, iridescent scales 1,
deterioration 1, fast metabolism 3, gourmand, regeneration 1, shaggy fur 1,
tough skin 2
a: Renounce Religion, Evoke Flight


You were in an ice cave.
You worshipped Vehumet.
Vehumet was extremely pleased with you.
You were completely stuffed.

You visited 2 branches of the dungeon, and saw 11 of its levels.
You also visited: Sewer, Ossuary and Ice Cave.

You collected 469 gold pieces.

Inventory:

Hand Weapons
 G - the +5 short sword of the Extremely Mad (weapon) {distort, +Fly rN+ Str+3 Int+2}
   (You found it on level 8 of the Dungeon)

   It warps and distorts space around it.
   Unwielding it can cause banishment or high damage.
   It affects your strength (+3).
   It affects your intelligence (+2).
   It protects you from negative energy.
   It lets you fly.
Missiles
 D - 56 stones (quivered)
Armour
 c - a +0 robe (worn)
 n - a +0 large shield
Jewellery
 g - an uncursed ring of positive energy
 j - an uncursed ring of poison resistance
 l - an uncursed ring of resist corrosion
 m - a ring of protection from cold (right claw)
 s - an uncursed amulet of the acrobat {unknown}
 v - an amulet of faith (around neck)
 x - a ring of stealth (left claw)
Wands
 C - a wand of flame (8)
Scrolls
 b - a scroll of immolation {!r}
 e - 4 scrolls of identify {!r}
 h - 5 scrolls of teleportation {!r}
 k - 7 scrolls of remove curse {!r}
 p - 5 scrolls of fog {!r}
 y - a scroll of fear {!r}
 z - a scroll of enchant armour {!r}
 A - 2 scrolls of magic mapping {!r}
 E - a scroll of blinking {!r}
Potions
 a - 3 potions of flight {!q}
 f - 4 potions of lignification {!q}
 i - 2 potions of brilliance {!q}
 o - a potion of mutation {!q}
 q - 6 potions of curing {!q}
 r - 3 potions of might {!q}
 t - 4 potions of magic {!q}
 u - a potion of berserk rage {!q}
 w - 2 potions of resistance {!q}
Comestibles
 d - 17 rations
 H - 7 chunks of flesh


   Skills:
 - Level 1.5 Dodging
 - Level 1.1 Stealth
 + Level 4.6 Shields
 - Level 1.1 Unarmed Combat
 * Level 7.3 Spellcasting
 - Level 0.6 Transmutations
 - Level 10.2 Earth Magic


You had 5 spell levels left.
You knew the following spells:

 Your Spells              Type           Power        Failure   Level  Hunger
a - Sandblast             Erth           #####.       1%          1    None
b - Passwall              Tmut/Erth      ###.....     1%          2    None
c - Stone Arrow           Conj/Erth      ###...       1%          3    ##.....
d - Lee's Rapid Deconstr  Erth           #####.....   1%          5    #####..
e - Petrify               Tmut/Erth      ###.....     14%         4    ####...
s - Conjure Flame         Conj/Fire      #.......     11%         3    ##.....

Your spell library contained the following spells:

 Spells                   Type           Power        Failure   Level  Hunger
 Yara's Violent Unravell  Hex/Tmut       #.........   58%         5    #####..
 Sting                    Conj/Pois      #...         3%          1    None
 Mephitic Cloud           Conj/Pois/Air  #.......     11%         3    ##.....
 Poisonous Vapours        Pois/Air       #.....       19%         2    None
 Olgreb's Toxic Radiance  Pois           #.......     30%         4    ####...
 Venom Bolt               Conj/Pois      #.........   63%         5    #####..


Dungeon Overview and Level Annotations

Branches:
Dungeon (11/15)            Temple (1/1) D:5
   Lair: D:8-11         Orc: D:9-12

Altars:
Ashenzari
Cheibriados
Dithmenos
Elyvilon
Fedhas
Hepliaklqana
Kikubaaqudgha
Makhleb
Nemelex Xobeh
Okawaru
Qazlal
Ru
Sif Muna
Trog
Uskayaw
Vehumet
Wu Jian
Xom
Yredelemnul
Zin
The Shining One

Shops:
D:4 }   D:6 =


Innate Abilities, Weirdness & Mutations

You are too large for most types of armour.
You have claws for hands.
Your metabolism is lightning-fast.
You like to eat raw meat.
Your natural rate of healing is unusually fast.
You are covered in fur. (AC +1)
You have very tough skin. (AC +2)
You have a pair of small antennae on your head.
You are partially covered in iridescent scales. (AC +2)
Your body sometimes deteriorates upon taking damage.


Message History

The ice beast is heavily wounded.
D - 59 stones
Casting: Sandblast (safe; 1% risk of failure)
Confirm with . or Enter, or press ? or * to list all spells.
Aiming: Sandblast (safe; 1% risk of failure)
Press: ? - help, Shift-Dir - straight line, f/p - ice beast
Aim: an ice beast (heavily wounded)
The blast of sand hits the ice beast.
The ice beast is almost dead.
D - 58 stones The ice beast hits you.
* * * LOW HITPOINT WARNING * * *
The ice beast freezes you. You resist.
* * * LOW HITPOINT WARNING * * *
The ice beast hits you.
* * * LOW HITPOINT WARNING * * *
The ice beast freezes you. You resist.
* * * LOW HITPOINT WARNING * * *
There is an ice covered gate leading back out of this place here.
The ice beast hits you but does no damage.
Casting: Sandblast (safe; 1% risk of failure)
Confirm with . or Enter, or press ? or * to list all spells.
Aiming: Sandblast (safe; 1% risk of failure)
Press: ? - help, Shift-Dir - straight line, f/p - ice beast
Aim: an ice beast (almost dead)
The blast of sand hits the ice beast.
You kill the ice beast!
Vehumet accepts your kill.
You feel your power returning.
D - 57 stones The ice beast closely misses you. x2
Unknown command.
Casting: Sandblast (safe; 1% risk of failure)
Confirm with . or Enter, or press ? or * to list all spells.
Aiming: Sandblast (safe; 1% risk of failure)
Press: ? - help, Shift-Dir - straight line, f - ice beast
Aim: an ice beast The blast of sand misses the ice beast.
D - 56 stones The white ugly thing gurgles horribly!
The ice beast hits you but does no damage.
The ice beast closely misses you. The ice beast hits you.
* * * LOW HITPOINT WARNING * * *
The ice beast freezes you. You resist.
* * * LOW HITPOINT WARNING * * *
Unknown command.
Really quaff
F - a potion of haste {!q}?
You feel yourself speed up. The ice beast barely misses you.
The ice beast hits you.
* * * LOW HITPOINT WARNING * * *
The ice beast freezes you. You resist.
* * * LOW HITPOINT WARNING * * *
The ice beast hits you.
* * * LOW HITPOINT WARNING * * *
The ice beast freezes you. You resist.
* * * LOW HITPOINT WARNING * * *
Really quaff
B - a potion of ambrosia {!q}?
You are confused.
You feel invigorated. The ice beast barely misses you.
The ice beast hits you but does no damage.
The ice beast hits you.
* * * LOW HITPOINT WARNING * * *
The ice beast freezes you. You resist.
You die...

#######
##..@..##
##..YYY..##
##.........##
#.....∩Y.Y..#
#.....u.....#
#...........#
#.............#
#....8...8....#
#......?......#


You could see a white ugly thing and 5 ice beasts.

Vanquished Creatures
  A two-headed ogre (D:11)
  Pikel (D:8)
  Joseph (D:8)
  2 rime drakes (D:11)
  A hornet (D:8)
  Eustachio (D:5)
  A wyvern (D:8)
  Grum (D:8)
  Menkaure (D:5)
  Edmund (D:5)
  2 orc warriors
  Purgy (Sewer)
  An ice beast (IceCv)
  3 slaves (D:8)
  A sky beast (D:7)
  2 black bears
  3 ogres
  A phantom (D:5)
  4 wolves
  A centaur (D:5)
  Blork the orc (D:5)
  A wyvern zombie (D:9)
  3 scorpions
  8 wights
  2 howler monkeys
  A quasit (D:6)
  3 crimson imps
  A centaur zombie (Ossuary)
  6 hounds
  2 bullfrog zombies
  A jelly (D:3)
  2 centaur skeletons
  3 orc wizards
  A bullfrog skeleton (D:8)
  2 orc priests
  Jessica (D:6)
  Terence (D:2)
  2 iguanas (D:6)
  Ijyb (D:5)
  7 worker ants
  2 hound zombies
  17 mummies (Ossuary)
  2 howler monkey zombies
  4 worker ant zombies
  4 gnolls (D:2)
  A howler monkey skeleton (D:5)
  12 adders
  2 adder skeletons
  5 adder zombies
  5 worms
  2 dart slugs
  3 leopard geckos
  11 orcs
  5 ball pythons
  7 giant cockroaches
  A gnoll zombie (D:6)
  9 goblins
  17 hobgoblins
  9 jackals
  10 kobolds
  6 quokkas
  A ball python skeleton (D:5)
  7 bats
  4 frilled lizards (Sewer)
  A giant cockroach zombie (Ossuary)
  A jackal skeleton (D:6)
  A leopard gecko skeleton (D:8)
  A leopard gecko zombie (D:5)
  3 quokka zombies
  10 rats
242 creatures vanquished.

Vanquished Creatures (others)
  An orc (D:8)
  3 withered plants (Ossuary)
4 creatures vanquished.

Grand Total: 246 creatures vanquished

Notes
Turn   | Place    | Note
-------+----------+-------------------------------------------
     0 | D:1      | Amnesiac the Troll Earth Elementalist began the quest for
                  | the Orb.
     0 | D:1      | Reached XP level 1. HP: 16/16 MP: 1/1
   155 | D:1      | Reached XP level 2. HP: 23/24 MP: 3/3
   165 | D:1      | Learned a level 2 spell: Passwall
   335 | D:2      | Found an iron altar of Okawaru.
   416 | D:2      | Found an ancient bone altar of Kikubaaqudgha.
   458 | D:3      | Found a hide-covered altar of Uskayaw.
   469 | D:3      | Reached XP level 3. HP: 29/31 MP: 3/5
   564 | D:3      | Reached XP level 4. HP: 34/39 MP: 1/7
   662 | D:3      | Reached skill level 3 in Earth Magic
   727 | D:3      | Found an ornate altar of the Wu Jian Council.
   775 | D:3      | Found a glowing drain.
   788 | Sewer    | Entered a sewer
   823 | Sewer    | Noticed Purgy
   835 | Sewer    | Killed Purgy
   835 | Sewer    | Reached skill level 4 in Earth Magic
   835 | Sewer    | Reached XP level 5. HP: 20/45 MP: 0/8
  1040 | Sewer    | Learned a level 5 spell: Lee's Rapid Deconstruction
  1173 | D:4      | Noticed an ogre
  1183 | D:4      | Killed an ogre
  1183 | D:4      | Reached XP level 6. HP: 53/53 MP: 3/9
  1379 | D:4      | Found a sparkling altar of Nemelex Xobeh.
  1415 | D:4      | Found Vibop's Gadget Shoppe.
  1436 | D:4      | Reached skill level 5 in Earth Magic
  1586 | D:4      | Found a white marble altar of Elyvilon.
  1880 | D:5      | Entered Level 5 of the Dungeon
  1932 | D:5      | Reached XP level 7. HP: 54/59 MP: 8/11
  2152 | D:5      | Found a staircase to the Ecumenical Temple.
  2168 | Temple   | Entered the Ecumenical Temple
  2300 | Temple   | Became a worshipper of Vehumet
  2317 | Temple   | Learned a level 4 spell: Petrify
  2356 | D:5      | Reached skill level 1 in Shields
  2356 | D:5      | Reached skill level 6 in Earth Magic
  2364 | D:5      | Noticed Blork the orc
  2381 | D:5      | Killed Blork the orc
  2460 | D:5      | Noticed Menkaure
  2468 | D:5      | Killed Menkaure
  2542 | D:5      | Noticed Edmund
  2968 | D:2      | Reached * piety under Vehumet
  2968 | D:2      | Offered knowledge of Shock by Vehumet.
  2984 | D:2      | Reached XP level 8. HP: 42/67 MP: 12/12
  3094 | D:2      | Noticed Terence
  3113 | D:2      | Killed Terence
  3776 | D:2      | Found a stormy altar of Qazlal.
  4053 | D:3      | Found a glowing golden altar of the Shining One.
  4055 | D:3      | Noticed an angel
  4068 | D:3      | Found a basalt altar of Yredelemnul.
  4266 | D:4      | Learned a level 3 spell: Stone Arrow
  4323 | D:5      | Noticed Eustachio
  4344 | D:5      | Killed Eustachio
  4344 | D:5      | Reached skill level 1 in Unarmed Combat
  4361 | D:5      | Noticed Ijyb
  4370 | D:5      | Killed Ijyb
  4618 | D:5      | Found a shattered altar of Ashenzari.
  4673 | D:5      | Killed Edmund
  4673 | D:5      | Reached skill level 7 in Earth Magic
  4832 | D:6      | Gained mutation: You are partially covered in iridescent
                  | scales. (AC +2) [potion of mutation]
  4832 | D:6      | Gained mutation: Your body sometimes deteriorates upon
                  | taking damage. [potion of mutation]
  4832 | D:6      | Gained mutation: You have a pair of small antennae on your
                  | head. [potion of mutation]
  4861 | D:6      | Reached ** piety under Vehumet
  4861 | D:6      | Offered knowledge of Sting by Vehumet.
  5169 | D:6      | Found Watoxobi's Jewellery Shop.
  5195 | D:6      | Found a sand-covered staircase.
  5228 | Ossuary  | Entered an ossuary
  5370 | Ossuary  | Reached skill level 8 in Earth Magic
  5468 | Ossuary  | Reached XP level 9. HP: 62/74 MP: 14/14
  5493 | Ossuary  | Offered knowledge of Conjure Flame by Vehumet.
  5563 | Ossuary  | Reached *** piety under Vehumet
  5730 | D:6      | Noticed Jessica
  5735 | D:6      | Killed Jessica
  5739 | D:6      | Found a deep blue altar of Sif Muna.
  5989 | D:5      | Reached skill level 5 in Spellcasting
  5994 | D:5      | Learned a level 3 spell: Conjure Flame
  6322 | D:7      | Offered knowledge of Olgreb's Toxic Radiance by Vehumet.
  6741 | D:7      | Reached skill level 9 in Earth Magic
  7560 | D:8      | Reached **** piety under Vehumet
  7578 | D:8      | Found a burning altar of Makhleb.
  7615 | D:8      | Offered knowledge of Yara's Violent Unravelling by Vehumet.
  7751 | D:8      | Noticed Joseph
  7788 | D:8      | Killed Joseph
  7788 | D:8      | Reached XP level 10. HP: 62/81 MP: 4/17
  7800 | D:8      | Noticed Pikel
  7824 | D:8      | Killed Pikel
  7824 | D:8      | Reached skill level 10 in Earth Magic
  8083 | D:8      | Paralysed by a hornet for 1 turns
  8085 | D:8      | Noticed Grum
  8347 | D:8      | Killed Grum
  8398 | D:8      | Got a warped short sword
  8522 | D:8      | Found a hazy altar of Hepliaklqana.
  8600 | D:9      | You fall through a shaft for 2 floors!
  8601 | D:11     | Identified the +5 short sword of the Extremely Mad
                  | {distort, +Fly rN+ Str+3 Int+2} (You found it on level 8 of
                  | the Dungeon)
  8605 | D:11     | Noticed a two-headed ogre
  8610 | D:11     | Killed a two-headed ogre
  8735 | D:11     | Found a frozen archway.
  8748 | IceCv    | Entered an ice cave
  8748 | IceCv    | Noticed a white ugly thing
  8755 | IceCv    | Reached ***** piety under Vehumet
  8758 | IceCv    | Slain by an ice beast

Vault maps used:
D:1:      dpeg_arrival_three_smaller_balls
D:2:      nicolae_overflow_hidden_temple, lemuel_doored_altar,
          marbit_many_paths, uniq_terence
D:3:      grunt_temple_overflow_holy_war, overflow_temple_1_default,
          eat_drink_and_be_merry_uskayaw, portal_sewer_entry_d
D:4:      nicolae_overflow_crystal_walls, first_ration, serial_shops, shop,
          serial_undead, serial_undead_f, serial_undead_d, serial_undead_d,
          serial_undead_b, nemelex_lonely_heart_becter
D:5:      kennysheep_mini_moat, minmay_temple_entry_butterflies,
          minmay_misc_feat_roman, uniq_eustachio, uniq_menkaure,
          uniq_blork_the_orc, uniq_edmund, uniq_ijyb
D:6:      tgw_sif, serial_shops, shop, enter_ossuary_3
D:7:      hangedman_decor_slide_cut, grunt_ogre_cave
D:8:      corexii_shack_village, kennysheep_little_box,
          lemuel_coloured_pillars_altar, serial_glass, glass_columns_a,
          glass_columns_a, uniq_grum, uniq_joseph, uniq_pikel
D:9:      grunt_gozag_statues, erik_orc_1
D:11:     portal_ice_cave_rime
Temple:   nicolae_temple_figure_zero
Sewer:    sewer_co_purgy_island
Ossuary:  ossuary_zaba_flooded
IceCv:    ice_cave_statue_garden_transporter

Skill      XL: |  1  2  3  4  5  6  7  8  9 10 |
---------------+-------------------------------+-----
Spellcasting   | 2 3 4 5 7 |  7.3
Earth Magic    | 4 5 6 8 9 10 | 10.2
Shields        | 1 3 4 |  4.6
Unarmed Combat | 1 |  1.1
Dodging        | |  1.5
Stealth        | |  1.1
Transmutations | |  0.6

Action                   |  1- 3 |  4- 6 |  7- 9 | 10-12 || total
-------------------------+-------+-------+-------+-------++-------
Melee: Unarmed           |    66 |   145 |   500 |    45 ||   756
       Punch             |       |       |     2 |       ||     2
       Short sword       |       |       |       |    17 ||    17
Throw: Stone             |     1 |       |       |       ||     1
 Cast: Sandblast         |     8 |    28 |   146 |    60 ||   242
       Petrify           |       |       |     2 |     2 ||     4
       Stone Arrow       |       |       |    42 |       ||    42
       Lee's Rapid Decon |       |       |     5 |     8 ||    13
Evoke: Wand              |       |       |     3 |       ||     3
  Use: Potion            |       |     7 |     5 |     2 ||    14
       Scroll            |       |     5 |     8 |     4 ||    17
 Stab: Sleeping          |     1 |       |     5 |     2 ||     8
       Petrified         |       |       |    10 |       ||    10
       Invisible         |       |       |     5 |       ||     5
       Petrifying        |       |       |     1 |       ||     1
  Eat: Chunk             |    11 |    10 |    60 |    16 ||    97
Armor: Robe              |    17 |    75 |   169 |    39 ||   300
       Skin              |       |       |   120 |       ||   120
Dodge: Dodged            |    41 |    84 |   283 |    54 ||   462

Table legend:
 A = Non-vault XP
 B = Vault XP
 C = Vault XP percentage of total XP
 D = Non-vault monster count
 E = Vault monster count
 F = Vault count percentage of total count
                 A         B        C        D         E       F
            +---------+---------+-------+---------+---------+-------
      Total |    5336 |    4420 |  45.3 |     167 |      72 |  30.1
            +---------+---------+-------+---------+---------+-------
        D:1 |      36 |       0 |   0.0 |      23 |       0 |   0.0
        D:2 |     122 |      38 |  23.8 |      26 |       2 |   7.1
        D:3 |     117 |      13 |  10.0 |      21 |       1 |   4.5
        D:4 |     305 |      92 |  23.2 |       7 |       7 |  50.0
        D:5 |     544 |     663 |  54.9 |      19 |       5 |  20.8
        D:6 |     803 |      39 |   4.6 |      28 |       2 |   6.7
        D:7 |     690 |     237 |  25.6 |      17 |       2 |  10.5
        D:8 |    1246 |    1666 |  57.2 |      20 |      15 |  42.9
        D:9 |     115 |       0 |   0.0 |       2 |       0 |   0.0
       D:11 |    1358 |     764 |  36.0 |       4 |       2 |  33.3
      Sewer |       0 |     155 | 100.0 |       0 |       8 | 100.0
    Ossuary |       0 |     620 | 100.0 |       0 |      27 | 100.0
      IceCv |       0 |     133 | 100.0 |       0 |       1 | 100.0
            +---------+---------+-------+---------+---------+-------
